 Dungeon Sprint DCSS version 0.19-a0-895-gdbd5520 (webtiles) character file.

142 LORDOFBUTT the Chopper (level 5, -1/42 HPs)
             Began as a Demonspawn Gladiator on July 4, 2016.
             Succumbed to a killer bee's poison
             ... in the Dungeon (Sprint IX: "|||||||||||||||||||||||||||||").
             The game lasted 00:00:21 (105 turns).

LORDOFBUTT the Chopper (Demonspawn Gladiator)        Turns: 105, Time: 00:00:22

Health: -1/42      AC:  3    Str: 15    XL:     5   Next: 4%
Magic:  1/5        EV: 15    Int: 10    God:
Gold:   0          SH:  0    Dex: 14    Spells: 0 memorised, 4 levels left

rFire  . . .     SeeInvis .     a - +0 war axe
rCold  . . .     Gourm    .     b - +0 leather armour
rNeg   . . .     Faith    .     (no shield)
rPois  .         Spirit   +     (helmet restricted)
rElec  .         Dismiss  .     (no cloak)
rCorr  .         Reflect  .     (no gloves)
SustAt .         Harm     .     (no boots)
MR     .....     NoTele   +     (no amulet)
Stlth  +.........               (no ring)
                                (no ring)

@: lethally poisoned (-1 -> -17), not resistant to hostile enchantments, very
unstealthy
A: antennae 1, magic shield
a: no special abilities


You were in the Dungeon.
You were not hungry.

You visited 1 branch

Inventory:

Hand Weapons
 a - a +0 war axe (weapon)
Missiles
 d - 3 throwing nets (quivered)
Armour
 b - a +0 leather armour (worn)
 c - a +0 helmet
Jewellery
 o - a +3 ring of intelligence
 p - a +3 ring of strength
Wands
 n - a wand of acid (7/15)
Scrolls
 k - 2 scrolls of blinking
 l - 3 scrolls of remove curse
 m - 2 scrolls of amnesia
Potions
 e - 5 potions of curing
 g - 3 potions of heal wounds
 h - a potion of haste
 i - 4 potions of magic
 j - a potion of invisibility
Comestibles
 f - a bread ration


   Skills:
 + Level 3.7 Fighting
 + Level 6.4 Axes
 + Level 3.0 Throwing
 + Level 1.5 Armour
 + Level 6.2 Dodging


You had 4 spell levels left.
You didn't know any spells.

Dungeon Overview and Level Annotations

Branches:
Dungeon (1/1)

Altars:
Cheibriados
Dithmenos
Elyvilon
Fedhas
Gozag
Hepliaklqana
Kikubaaqudgha
Makhleb
Nemelex Xobeh
Okawaru
Pakellas
Qazlal
Ru
Sif Muna
Trog
Uskayaw
Vehumet
Xom
Yredelemnul
Zin
The Shining One
Beogh
Jiyva
Lugonu


Innate Abilities, Weirdness & Mutations

You have a pair of small antennae on your head.
When hurt, damage is shared between your health and your magic reserves.


Message History

* * * LOW HITPOINT WARNING * * *
You feel sick. The killer bee barely misses you.
The killer bee completely misses you.
You miss the killer bee.
* * * LOW HITPOINT WARNING * * *
You feel sick. The killer bee closely misses you.
The killer bee barely misses you.
You closely miss the killer bee.
* * * LOW HITPOINT WARNING * * *
You feel sick. The killer bee stings you.
* * * LOW HITPOINT WARNING * * *
The killer bee stings you.
* * * LOW HITPOINT WARNING * * *
You are more poisoned.
The killer bee poisons you! The killer bee stings you.
* * * LOW HITPOINT WARNING * * *
Unknown command.
Unknown command.
You miss the killer bee.
You die... ▓▓▓▓▓▓▓▓▓▓▓▓▓▓▓▓▓▓▓▓▓▓▓▓ _______'..|)[[[.@yKhZ... ▓▓▓▓▓▓▓▓▓▓▓▓▓▓▓▓▓▓▓▓▓▓▓▓

You could see a big kobold, a hound, a killer bee and a bat skeleton.

Vanquished Creatures
  An ice beast (D)
  A hound (D)
  An adder (D)
  A shadow imp (D)
  A giant gecko (D)
  A giant cockroach (D)
  2 kobolds (D)
  2 giant newts (D)
  2 rats (D)
12 creatures vanquished.

Notes
Turn   | Place    | Note
-------+----------+-------------------------------------------
     0 | D        | LORDOFBUTT the Demonspawn Gladiator began the quest for the Orb.
     0 | D        | Reached XP level 1. HP: 16/16 MP: 1/1
    26 | D        | Noticed an ice beast
    26 | D        | Noticed a hound
    34 | D        | Killed an ice beast
    34 | D        | Reached skill level 5 in Axes
    34 | D        | Reached skill level 1 in Armour
    34 | D        | Reached skill level 5 in Dodging
    34 | D        | Gained mutation: You have a pair of small antennae on your head. [demonic ancestry]
    34 | D        | Reached XP level 2. HP: 24/24 MP: 2/2
    34 | D        | Reached XP level 3. HP: 28/29 MP: 3/3
    34 | D        | Gained mutation: When hurt, damage is shared between your health and your magic reserves. [demonic ancestry]
    34 | D        | Reached XP level 4. HP: 34/35 MP: 4/4
    45 | D        | Found a glowing silver altar of Zin.
    45 | D        | Found a glowing golden altar of the Shining One.
    45 | D        | Found an ancient bone altar of Kikubaaqudgha.
    45 | D        | Found a basalt altar of Yredelemnul.
    45 | D        | Found a shimmering altar of Xom.
    45 | D        | Found a radiant altar of Vehumet.
    46 | D        | Found an iron altar of Okawaru.
    47 | D        | Found a burning altar of Makhleb.
    48 | D        | Found a deep blue altar of Sif Muna.
    49 | D        | Found a bloodstained altar of Trog.
    50 | D        | Found a sparkling altar of Nemelex Xobeh.
    51 | D        | Found a white marble altar of Elyvilon.
    52 | D        | Found a roughly hewn altar of Beogh.
    53 | D        | Found a viscous altar of Jiyva.
    54 | D        | Found a corrupted altar of Lugonu.
    55 | D        | Found a blossoming altar of Fedhas.
    56 | D        | Found a snail-covered altar of Cheibriados.
    57 | D        | Found a shadowy altar of Dithmenos.
    58 | D        | Found a stormy altar of Qazlal.
    59 | D        | Found an opulent altar of Gozag.
    60 | D        | Found a sacrificial altar of Ru.
    61 | D        | Found an oddly glowing altar of Pakellas.
    62 | D        | Found a hide-covered altar of Uskayaw.
    63 | D        | Found a hazy altar of Hepliaklqana.
    87 | D        | Noticed a big kobold
    97 | D        | Reached XP level 5. HP: 28/42 MP: 2/5
   104 | D        | HP: 1/42 [killer bee (3)]
   105 | D        | Succumbed to a killer bee's poison

Vault maps used:
D:        linesprint

Skill      XL: |  1  2  3  4 |
---------------+-------------+-----
Axes           | 5 6 |  6.4
Dodging        | 5 6 |  6.2
Throwing       | 2 3 |  3.0
Fighting       | 3 |  3.7
Armour         | 1 |  1.5

Action                   |  1- 3 |  4- 6 || total
-------------------------+-------+-------++-------
Melee: War axe           |    23 |    22 ||    45
  Use: Potion            |     1 |       ||     1
Armor: Leather armour    |     2 |     2 ||     4
Dodge: Dodged            |    17 |    16 ||    33
